 Dungeon Crawl Stone Soup version 0.24-a0-366-gc1c896e988 (webtiles) character file.

Game seed: 16908265179321133654

10607 JellyEater the Geomancer (level 11, -9/66 HPs)
             Began as a Gargoyle Earth Elementalist on May 28, 2019.
             Was a Priest of Vehumet.
             Hit by a silver javelin thrown by a minotaur (32 damage)
             ... in a Gauntlet.
             The game lasted 00:45:00 (12282 turns).

JellyEater the Geomancer (GrEE)                    Turns: 12282, Time: 00:45:00

Health: -9/66      AC: 15    Str: 13      XL:     11   Next: 64%
Magic:  21/21      EV: 20    Int: 19 (20) God:    Vehumet [***...]
Gold:   586        SH:  0    Dex: 15      Spells: 15/24 levels left

rFire    + . .     SeeInvis +   H - +2 dire flail (protect)
rCold    . . .     Gourm    .   (shield currently unavailable)
rNeg     + . .     Faith    .   c - +0 robe {rF+}
rPois    ∞         Spirit   .   L - +0 helmet
rElec    +         Reflect  .   z - +1 cloak
rCorr    .         Harm     .   D - +0 pair of gloves
MR       .....     NoTele   +   (no boots)
Stlth    +++.......             K - amulet of magic regeneration
HPRegen  0.21/turn              u - ring of see invisible
MPRegen  0.42/turn              B - ring of wizardry

@: agile, very slightly contaminated
A: clever 1, negative energy resistance 1, electricity resistance, unbreathing,
petrification resistance, rot immunity, sturdy frame 1, AC +8
a: Renounce Religion


You were in a Gauntlet.
You worshipped Vehumet.
Vehumet was most pleased with you.
You were very hungry.

You visited 2 branches of the dungeon, and saw 12 of its levels.
You also visited: Ossuary and Gauntlet.

You collected 586 gold pieces.

Inventory:

Hand Weapons
 w - a +0 morningstar
 F - a +1 dagger of holy wrath
 H - a +2 dire flail of protection (weapon)
Missiles
 b - 134 stones (quivered)
 f - a throwing net
 o - 49 poisoned darts
Armour
 c - a +0 robe of fire resistance (worn)
 i - a +2 robe of cold resistance
 z - a +1 cloak (worn)
 C - a +0 robe of cold resistance
 D - a +0 pair of gloves (worn)
 I - +0 fire dragon scales
 L - a +0 helmet (worn)
 M - the +2 cloak "Emetzeiph" {*Corrode +Blink rC+ MR+}
   (You found it in a Gauntlet)

   It protects you from cold.
   It affects your resistance to hostile enchantments.
   It lets you blink.
   It may corrode you when you take damage.
Jewellery
 g - an uncursed amulet of the acrobat
 u - a ring of see invisible (left hand)
 A - an uncursed ring of protection from cold
 B - a ring of wizardry (right hand)
 K - an amulet of magic regeneration (around neck)
Wands
 m - a wand of iceblast (17)
 n - a wand of scattershot (1)
 y - a wand of polymorph (1)
Scrolls
 a - a scroll of blinking
 j - 7 scrolls of identify
 l - 3 scrolls of amnesia
 s - 2 scrolls of magic mapping
 v - 6 scrolls of teleportation
 G - a scroll of immolation
Potions
 h - 3 potions of lignification
 k - 2 potions of might
 r - 2 potions of haste
 t - a potion of flight
 x - 2 potions of magic
 J - 2 potions of brilliance
Comestibles
 d - 17 rations


   Skills:
 + Level 6.6 Fighting
 + Level 6.1 Maces & Flails
 - Level 6.1 Armour
 + Level 5.5 Dodging
 - Level 2.4 Stealth
 + Level 7.1 Spellcasting
 + Level 8.1 Conjurations
   Level 0.7 Transmutations
 + Level 9.8 Earth Magic
 + Level 2.1 Evocations


You had 15 spell levels left.
You knew the following spells:

 Your Spells              Type           Power        Failure   Level  Hunger
a - Sandblast             Erth           #####.       1%          1    None
b - Stone Arrow           Conj/Erth      #####.       1%          3    #......
c - Lee's Rapid Deconstr  Erth           #####.....   1%          5    #####..

Your spell library contained the following spells:

 Spells                   Type           Power        Failure   Level  Hunger
 Throw Frost              Conj/Ice       ###...       1%          2    None
 Passwall                 Tmut/Erth      ####....     1%          2    None
 Petrify                  Tmut/Erth      ####....     4%          4    ###....
 Shroud of Golubria       Chrm/Tloc      #.........   6%          2    None
 Lesser Beckoning         Tloc           #.........   12%         3    #......
 Summon Guardian Golem    Hex/Summ       #.......     12%         3    #......
 Darkness                 Hex            #.........   99%         6    ######.


Dungeon Overview and Level Annotations

Branches:
Dungeon (11/15)            Temple (1/1) D:6            Lair (0/6) D:11
    Orc (0/2) D:11

Altars:
Ashenzari
Cheibriados
Dithmenos
Elyvilon
Fedhas
Gozag
Hepliaklqana
Kikubaaqudgha
Makhleb
Nemelex Xobeh
Okawaru
Qazlal
Ru
Sif Muna
Trog
Uskayaw
Vehumet
Wu Jian
Xom
Yredelemnul
Zin
The Shining One

Shops:
D:4 [   D:7 (

Annotations:
Gauntlet 6 transporters, 5 runed translucent doors


Innate Abilities, Weirdness & Mutations

You are resistant to torment.
Your stone body is resilient. (AC +8)
You are immune to poison.
You resist negative energy. (rN+)
You are resistant to electric shocks. (rElec)
You can survive without breathing.
You are immune to petrification.
You are immune to rotting.
Your mind is acute. (Int +2)
Your movements are slightly less encumbered by armour. (ER -2)


Message History

Press: ? - help, Dir - move target cursor
As you read the scroll of blinking, it crumbles to dust.
You feel better.
You feel better.
Evoke which item? (* to show all) (? for menu, Esc to quit)
Aiming: Iceblast
Press: ? - help, Shift-Dir - straight line
Okay, then.
Unknown command.
You feel better.
The minotaur throws a silver javelin.
The silver javelin pierces through you but does no damage.
The silver sears you!
You start resting.
Magic restored.
Unknown command.
Unknown command.
You feel agile all of a sudden.
The minotaur throws a silver javelin.
The silver javelin pierces through you!!
You die...

#≈#≈#≈# ......##
......≈# ####.§##
..w#..§# .ww#.§##
+###§§§##..#######
+.©#..###..##.H..#
+###§§≈##..##.##@#
#!.#..###.....##.#
#"|#..#....##.##.# #
####§.#©...##....#.# ≈#
....∩.#....##.##.#.#.≈≈#
......#.......##('...∩≈#
####..#©...##H##.#.#.≈≈#
...#..#....##....# # #
.#.#..###..##.##.#


You could see a minotaur.

Vanquished Creatures
  Fannar (D:10)
  2 two-headed ogres
  Nergalle (D:10)
  A death drake (Gauntlet)
  An ice statue (Gauntlet)
  A rime drake (Gauntlet)
  A troll (D:9)
  A harpy zombie (Gauntlet)
  2 hippogriffs
  Sigmund (D:2)
  2 wyverns
  A human (D:7)
  A wraith (D:8)
  3 hogs (D:7)
  A yak (D:7)
  A steam dragon (D:9)
  A chaos spawn (Gauntlet)
  3 water moccasins
  2 black bears
  A swamp drake (D:9)
  An orc warrior (D:8)
  An ice beast (D:5)
  2 ogres
  3 necrophages (D:8)
  A sky beast (D:9)
  3 centaurs
  2 elf zombies
  2 bullfrogs
  2 big kobolds (D:8)
  A wyvern zombie (D:6)
  4 scorpions
  4 killer bees
  4 wights (D:6)
  7 howler monkeys
  3 crimson imps
  A quasit (D:7)
  A bullfrog zombie (D:9)
  7 human zombies (D:8)
  4 orc priests
  2 centaur zombies
  4 jellies
  8 orc wizards
  A bullfrog skeleton (D:6)
  2 hounds
  2 centaur skeletons
  An iguana (D:4)
  6 worker ants
  A killer bee zombie (D:8)
  3 big kobold zombies (Ossuary)
  5 mummies
  A worker ant zombie (D:10)
  A howler monkey skeleton (D:9)
  A gnoll (D:1)
  5 adders
  3 shadow imps
  2 oozes
  2 adder zombies
  4 worms
  3 dart slugs
  8 leopard geckos
  27 orcs
  7 bats
  5 giant cockroaches
  4 goblins
  7 hobgoblins
  6 jackals
  4 quokkas
  3 ball pythons (D:2)
  10 frilled lizards
  A gnoll zombie (Ossuary)
  2 goblin zombies
  3 hobgoblin zombies (Ossuary)
  A jackal skeleton (D:6)
  17 kobolds
  A kobold zombie (D:4)
  2 orc zombies (Ossuary)
  2 quokka skeletons
  15 rats
263 creatures vanquished.

Vanquished Creatures (collateral kills)
  An iguana (D:6)
1 creature vanquished.

Grand Total: 264 creatures vanquished

Notes
Turn   | Place    | Note
-------+----------+-------------------------------------------
     0 | D:1      | JellyEater the Gargoyle Earth Elementalist began the quest
                  | for the Orb.
     0 | D:1      | Reached XP level 1. HP: 10/10 MP: 3/3
    67 | D:1      | Reached skill level 4 in Earth Magic
    67 | D:1      | Reached XP level 2. HP: 3/15 MP: 0/5
   963 | D:1      | Reached XP level 3. HP: 11/19 MP: 6/6
   975 | D:1      | Learned a level 3 spell: Stone Arrow
  1734 | D:2      | Reached skill level 1 in Conjurations
  1828 | D:2      | Noticed Sigmund
  1832 | D:2      | Gained mutation: Your movements are slightly less
                  | encumbered by armour. (ER -2) [potion of mutation]
  1832 | D:2      | Gained mutation: Your mind is acute. (Int +2) [potion of
                  | mutation]
  1846 | D:2      | Killed Sigmund
  1846 | D:2      | Reached skill level 5 in Earth Magic
  1846 | D:2      | Reached XP level 4. HP: 11/24 MP: 2/9
  1846 | D:2      | Reached XP level 5. HP: 13/28 MP: 2/10
  1854 | D:2      | Learned a level 5 spell: Lee's Rapid Deconstruction
  2041 | D:2      | Found a burning altar of Makhleb.
  2150 | D:2      | Reached XP level 6. HP: 31/32 MP: 9/11
  3226 | D:3      | Found a deep blue altar of Sif Muna.
  3449 | D:4      | Found Puchom's Armour Emporium.
  3535 | D:4      | Found a sand-covered staircase.
  3537 | D:4      | Reached skill level 6 in Earth Magic
  3541 | Ossuary  | Entered an ossuary
  3573 | Ossuary  | Reached XP level 7. HP: 24/36 MP: 0/13
  4713 | D:4      | Reached skill level 1 in Fighting
  4713 | D:4      | Reached skill level 1 in Armour
  4873 | D:4      | Reached skill level 1 in Maces & Flails
  5003 | D:4      | Reached XP level 8. HP: 43/43 MP: 7/14
  5374 | D:4      | Found a white marble altar of Elyvilon.
  5375 | D:4      | Found a sacrificial altar of Ru.
  5518 | D:5      | Entered Level 5 of the Dungeon
  5729 | D:5      | Reached skill level 7 in Earth Magic
  6046 | D:5      | Reached skill level 5 in Conjurations
  6701 | D:6      | Found a stormy altar of Qazlal.
  6703 | D:6      | Found a shattered altar of Ashenzari.
  6704 | D:6      | Found a shimmering altar of Xom.
  6711 | D:6      | Found a shadowy altar of Dithmenos.
  6712 | D:6      | Found a snail-covered altar of Cheibriados.
  6793 | D:6      | Reached skill level 5 in Spellcasting
  6806 | D:6      | Found a staircase to the Ecumenical Temple.
  6836 | Temple   | Entered the Ecumenical Temple
  6936 | Temple   | Became a worshipper of Vehumet
  6963 | D:6      | Reached XP level 9. HP: 39/50 MP: 7/16
  7933 | D:7      | Identified the cursed +1 robe of Xagon {rPois rF- Str-2
                  | Int+6} (You found it on level 7 of the Dungeon)
  8334 | D:7      | Found Veutoi's Weapon Emporium.
  8424 | D:7      | Reached skill level 8 in Earth Magic
  8614 | D:8      | Found a sparkling altar of Nemelex Xobeh.
  8687 | D:8      | Reached * piety under Vehumet
  8687 | D:8      | Offered knowledge of Flame Tongue by Vehumet.
  8821 | D:8      | Reached XP level 10. HP: 47/58 MP: 5/18
  8955 | D:8      | Noticed a two-headed ogre
  8974 | D:8      | Killed a two-headed ogre
  8974 | D:8      | Reached skill level 5 in Armour
  9279 | D:8      | Found a glowing golden altar of the Shining One.
  9383 | D:8      | Reached skill level 5 in Fighting
  9496 | D:8      | Offered knowledge of Sting by Vehumet.
  9503 | D:8      | Reached ** piety under Vehumet
  9569 | D:8      | Found an ancient bone altar of Kikubaaqudgha.
  9825 | D:8      | Found a bloodstained altar of Trog.
 10160 | D:9      | Reached skill level 5 in Maces & Flails
 10169 | D:9      | Reached skill level 9 in Earth Magic
 10565 | D:10     | Entered Level 10 of the Dungeon
 10619 | D:10     | Noticed a two-headed ogre
 10625 | D:10     | Killed a two-headed ogre
 10625 | D:10     | Reached skill level 5 in Dodging
 10625 | D:10     | Reached XP level 11. HP: 61/64 MP: 14/21
 10747 | D:10     | Noticed Nergalle
 10765 | D:10     | Noticed Fannar
 10766 | D:10     | Offered knowledge of Throw Frost by Vehumet.
 10767 | D:10     | Killed Nergalle
 10782 | D:10     | Killed Fannar
 10782 | D:10     | Reached skill level 1 in Evocations
 11598 | D:11     | Found a gate leading to a gauntlet.
 11607 | Gauntlet | Entered a Gauntlet
 11607 | Gauntlet | Found a transporter.
 11607 | Gauntlet | Found a transporter.
 11607 | Gauntlet | Found a transporter.
 11621 | Gauntlet | Found a transporter.
 11624 | Gauntlet | Found a transporter.
 11628 | Gauntlet | Found a runed translucent door.
 11630 | Gauntlet | Found a runed translucent door.
 11632 | Gauntlet | Found a transporter.
 11635 | Gauntlet | Found a transporter.
 11641 | Gauntlet | Found a runed translucent gate.
 11641 | Gauntlet | Found a runed translucent gate.
 11641 | Gauntlet | Found a runed translucent gate.
 11643 | Gauntlet | Found a transporter.
 11661 | Gauntlet | Found a transporter.
 11661 | Gauntlet | Noticed a death drake
 11678 | Gauntlet | Found a transporter.
 11681 | Gauntlet | Found a transporter.
 11691 | Gauntlet | Found a transporter.
 11977 | Gauntlet | Reached *** piety under Vehumet
 12136 | Gauntlet | Identified the Handbook of Fetching Displacement
 12167 | Gauntlet | Killed a death drake
 12240 | Gauntlet | Identified the +2 cloak "Emetzeiph" {*Corrode +Blink rC+
                  | MR+} (You found it in a Gauntlet)
 12258 | Gauntlet | Noticed a minotaur
 12270 | Gauntlet | HP: 1/66 [minotaur (13)]
 12282 | Gauntlet | Hit by a silver javelin thrown by a minotaur

Levels and vault maps discovered:
D:1:      dpeg_arrival_signposts, layout_basic, hex_intersection
D:2:      layout_rooms, nicolae_overflow_hidden_temple, first_ration,
          chequers_serial_rivers_small_a, st_stairs_13, uniq_sigmund
D:3:      layout_rooms, tgw_sif
D:4:      layout_layer_cave, gammafunk_temple_overflow_pools,
          nicolae_ossuary_entry_giza, serial_shops, nicolae_shop_trees
D:5:      layout_loops_ring
D:6:      layout_basic, grunt_temple_overflow_open,
          minmay_temple_entry_junction_2
D:7:      layout_loops_ring, serial_shops, kennysheep_mini_moat, minmay_holes,
          grunt_ministairs_15, grunt_livestock
D:8:      layout_rooms, nicolae_tso_carved_into_rock, marbit_many_paths,
          lemuel_mausoleum_altar_kikubaaqudgha, nicolae_overflow_crystal_walls
D:9:      layout_cave_pools
D:10:     layout_gridville, minmay_misc_feat_columns, palyth_stone_intersect,
          uniq_fannar, uniq_nergalle
D:11:     layout_long_grid, lair_entry_dummy, erik_orc_2, gauntlet_entry_generic
Temple:   jpeg_temple_island
Gauntlet: minmay_gauntlet_mixed_big_or_small [nicolae_gauntlet_arena_grate_2,
          minmay_gauntlet_arena_77_braids, nicolae_gauntlet_arena_x,
          minmay_gauntlet_arena_77_cramped, gammafunk_gauntlet_arena_grid,
          minmay_gauntlet_arena_77_run_for_it, gauntlet_exit_watery]

Skill      XL: |  1  2  3  4  5  6  7  8  9 10 11 |
---------------+----------------------------------+-----
Earth Magic    | 4 5 6 7 8 9 |  9.8
Conjurations   | 2 3 4 5 6 7 8 |  8.1
Spellcasting   | 3 4 5 6 7 |  7.1
Fighting       | 1 3 4 6 |  6.6
Armour         | 1 3 4 6 |  6.1
Dodging        | 2 3 4 5 |  5.5
Maces & Flails | 1 2 4 5 6 |  6.1
Evocations     | 2 |  2.1
Stealth        | |  2.4
Transmutations | |  0.7

Action                   |  1- 3 |  4- 6 |  7- 9 | 10-12 || total
-------------------------+-------+-------+-------+-------++-------
Melee: Unarmed           |     3 |       |       |       ||     3
       Dagger            |    89 |   225 |   162 |       ||   476
       Spear             |    20 |       |       |       ||    20
       Morningstar       |       |       |   110 |       ||   110
       Whip              |       |       |    51 |    14 ||    65
       Dire flail        |       |       |       |   284 ||   284
Throw: Throwing net      |       |       |       |     1 ||     1
 Cast: Sandblast         |    17 |    30 |    79 |    52 ||   178
       Stone Arrow       |     1 |       |    15 |    16 ||    32
       Lee's Rapid Decon |       |     2 |    11 |    17 ||    30
Evoke: Wand              |       |       |     3 |    15 ||    18
  Use: Potion            |     3 |     2 |     2 |    10 ||    17
       Scroll            |     2 |     5 |    15 |    11 ||    33
 Stab: Sleeping          |     3 |     5 |     6 |     4 ||    18
  Eat: Chunk             |     3 |     6 |    19 |    12 ||    40
       Ration            |       |       |     1 |     1 ||     2
Armor: Robe              |    31 |    92 |   151 |   169 ||   443
       Skin              |     4 |     1 |       |       ||     5
Dodge: Dodged            |    87 |   167 |   243 |   217 ||   714

Table legend:
 A = Non-vault XP
 B = Vault XP
 C = Vault XP percentage of total XP
 D = Non-vault monster count
 E = Vault monster count
 F = Vault count percentage of total count
                 A         B        C        D         E       F
            +---------+---------+-------+---------+---------+-------
      Total |    8390 |    6764 |  44.6 |     215 |      49 |  18.6
            +---------+---------+-------+---------+---------+-------
        D:1 |      47 |       0 |   0.0 |      20 |       0 |   0.0
        D:2 |      60 |     230 |  79.3 |      31 |       2 |   6.1
        D:3 |     138 |      42 |  23.3 |      29 |       1 |   3.3
        D:4 |     487 |      20 |   3.9 |      11 |       3 |  21.4
        D:5 |     718 |       0 |   0.0 |      20 |       0 |   0.0
        D:6 |     733 |      35 |   4.6 |      21 |       2 |   8.7
        D:7 |     321 |    1010 |  75.9 |      10 |       5 |  33.3
        D:8 |    2150 |     964 |  31.0 |      35 |      12 |  25.5
        D:9 |    1732 |       0 |   0.0 |      22 |       0 |   0.0
       D:10 |    2004 |    1710 |  46.0 |      16 |       2 |  11.1
    Ossuary |       0 |     269 | 100.0 |       0 |      16 | 100.0
   Gauntlet |       0 |    2484 | 100.0 |       0 |       6 | 100.0
            +---------+---------+-------+---------+---------+-------
